 Dungeon Crawl Stone Soup version 0.29-a0-384-g6960b1960d (webtiles) character file.

Game seed: 5531397339766400983

111910 holysushi the Warrior (level 16, -11/170 (188) HPs)
             Began as an Ogre Chaos Knight on May 7, 2022.
             Was a Plaything of Xom.
             Mangled by a naga sharpshooter
             ... wielding a +0 halberd
              (18 damage)
             ... on level 3 of the Snake Pit on May 8, 2022.
             The game lasted 01:06:05 (32356 turns).

holysushi the Warrior (Ogre Chaos Knight)          Turns: 32356, Time: 01:06:06

HP:   -11/170 (188) AC: 13    Str: 25 (26) XL:     16   Next: 59%
MP:   0/16          EV: 19    Int: 16      God:    Xom [......]
Gold: 2753          SH:  8    Dex: 15 (16) Spells: 8/15 levels left

rFire   + . .      SeeInvis +   K - +7 mace of Variability {chain chaos}
rCold   + . .      Faith    .   (shield currently unavailable)
rNeg    . . .      Spirit   +   z - +0 swamp dragon scales
rPois   +          Reflect  .   (helmet restricted)
rElec   .          Harm     .   V - scarf {rC+ rF+}
rCorr   .          Rampage  .   (gloves unavailable)
Will    +....                   (boots unavailable)
Stlth   ++........              d - brooch of Shielding {Spirit SH+8}
HPRegen 0.38/turn               g - ring "Zakuf" {AC+4 Str+4 Int+3 SInv}
MPRegen 0.15/turn               G - +4 ring of evasion

@: drained, unable to read
A: large, unfitting armour, tough skin 1, agile 1, deterioration 1, shaggy fur
1, strong 1, MP-powered wands
a: Renounce Religion


You were on level 3 of the Snake Pit.
You worshipped Xom.
You were a very special plaything of Xom.
You visited 5 branches of the dungeon, and saw 23 of its levels.
You also visited: Sewer and Gauntlet.

You collected 4262 gold pieces.
You spent 1509 gold pieces at shops.

Inventory:

Hand Weapons
 a - a +1 mace of chaos
 I - a +4 flail of freezing
 K - the +7 mace of Variability (weapon) {chain chaos}
   (You found it on level 10 of the Dungeon)

   Each time it hits an enemy it has a different, random effect.
   It occasionally unleashes arcs of chaos on nearby creatures upon striking a
   foe.
 P - the +3 flail "Ixzitusm" {antimagic, *Corrode rN+ Dex+7}
   (You found it on level 6 of the Lair of Beasts)

   It reduces the magical energy of the wielder, and disrupts the spells and
   magical abilities of those it strikes.
   Natural abilities and divine invocations are not affected.
   Dex:       It affects your dexterity (+7).
   rN:        It protects you from negative energy.
   *Corrode:  It may corrode you when you take damage.
Missiles
 r - 11 throwing nets
 W - 15 large rocks
Armour
 b - a +0 troll leather armour
 z - +0 swamp dragon scales (worn)
 M - a +2 cloak
 Q - a scarf of shadows
 V - a scarf of resistance (worn)
 X - a +2 kite shield of protection
Jewellery
 d - the brooch of Shielding (around neck) {Spirit SH+8}
   (You bought it in a shop on level 6 of the Dungeon)

   [amulet of guardian spirit]

   It causes incoming damage to be divided between your reserves of health and
   magic.
   SH:        It affects your SH (+8).
 f - a ring of resist corrosion
 g - the ring "Zakuf" (left hand) {AC+4 Str+4 Int+3 SInv}
   (You acquired it on level 2 of the Dungeon)

   [ring of protection]

   AC:        It affects your AC (+4).
   Str:       It affects your strength (+4).
   Int:       It affects your intelligence (+3).
   SInv:      It lets you see invisible.
 n - the ring of Pery {Fly rElec}
   (You found it on level 8 of the Dungeon)

   [ring of flight]

   rElec:     It insulates you from electricity.
   Fly:       It grants you flight.
 E - a ring of protection from cold
 F - an amulet of faith
 G - a +4 ring of evasion (right hand)
 N - a ring of fire
 Y - a ring of protection from fire
Wands
 u - a wand of paralysis (12)
 v - a wand of polymorph (16)
 B - a wand of digging (17)
 C - a wand of acid (5)
 L - a wand of iceblast (15)
 S - a wand of flame (14)
Scrolls
 m - 2 scrolls of silence
 q - 4 scrolls of poison
 t - 4 scrolls of immolation
 w - 13 scrolls of identify
 x - 4 scrolls of teleportation
 y - a scroll of magic mapping
 A - 4 scrolls of blinking
 D - 3 scrolls of fog
 H - a scroll of enchant armour
 J - 4 scrolls of enchant weapon
Potions
 e - 2 potions of resistance
 h - 2 potions of cancellation
 i - a potion of brilliance
 j - a potion of might
 k - 3 potions of curing
 l - a potion of ambrosia
 o - 4 potions of flight
 p - 3 potions of attraction
 s - 5 potions of lignification
 O - 4 potions of magic
Miscellaneous
 c - a piece from Xom's chessboard (15/15) (quivered)
 R - a phantom mirror (inert)
 U - a tin of tremorstones (2/2)


   Skills:
 + Level 18.4 Fighting
 * Level 18.2 Maces & Flails
 + Level 13.4 Dodging
 - Level 5.0 Stealth
 - Level 1.6 Shields
 - Level 2.0 Evocations


You had 8 spell levels left.
You knew the following spells:

 Your Spells              Type           Power      Damage    Failure   Level
a - Blink                 Tloc           0%         N/A       52%         2
b - Manifold Assault      Tloc           0%         N/A       100%        5

Your spell library contained the following spells:

 Spells                   Type           Power      Damage    Failure   Level
 Animate Skeleton         Necr           0%         N/A       36%         1
 Beastly Appendage        Tmut           0%         N/A       36%         1
 Foxfire                  Conj/Fire      0%         2x1d4     36%         1
 Magic Dart               Conj           0%         1d3       36%         1
 Pain                     Necr           0%         1d4       36%         1
 Call Imp                 Summ           0%         N/A       52%         2
 Corpse Rot               Necr/Air       0%         N/A       52%         2
 Ensorcelled Hibernation  Hex/Ice        0%         N/A       52%         2
 Poisonous Vapours        Pois/Air       0%         N/A       52%         2
 Scorch                   Fire           0%         2d5       52%         2
 Static Discharge         Conj/Air       0%         N/A       52%         2
 Wereblood                Tmut           0%         N/A       52%         2
 Conjure Flame            Conj/Fire      0%         6-21      75%         3
 Frozen Ramparts          Ice            0%         1d2       75%         3
 Ignite Poison            Fire/Tmut/Pois 0%         N/A       75%         3
 Inner Flame              Hex/Fire       0%         N/A       75%         3
 Lesser Beckoning         Tloc           0%         N/A       75%         3
 Mephitic Cloud           Conj/Pois/Air  0%         N/A       75%         3
 Ozocubu's Armour         Ice            0%         N/A       75%         3
 Spider Form              Tmut/Pois      0%         N/A       75%         3
 Stone Arrow              Conj/Erth      0%         3d7       75%         3
 Vampiric Draining        Necr           0%         2d6       75%         3
 Anguish                  Hex/Necr       0%         N/A       98%         4
 Animate Armour           Summ/Erth      0%         N/A       98%         4
 Dispel Undead            Necr           0%         3d6       98%         4
 Flame Wave               Conj/Fire      0%         2d4       98%         4
 Ice Form                 Ice/Tmut       0%         N/A       98%         4
 Leda's Liquefaction      Hex/Erth       0%         N/A       98%         4
 Sticky Flame             Conj/Fire      0%         2d3       98%         4
 Summon Ice Beast         Ice/Summ       0%         N/A       98%         4
 Summon Lightning Spire   Summ/Air       0%         N/A       98%         4
 Lee's Rapid Deconstruct  Erth           0%         3d5*      100%        5
 Metabolic Englaciation   Hex/Ice        0%         N/A       100%        5
 Simulacrum               Ice/Necr       0%         N/A       100%        6
 Statue Form              Tmut/Erth      0%         N/A       100%        6
 Summon Cactus Giant      Summ           0%         N/A       100%        6
 Storm Form               Tmut/Air       0%         N/A       100%        7
 Lehudib's Crystal Spear  Conj/Erth      0%         10d2      100%        8
 Maxwell's Capacitive Co  Air            0%         ∞         100%        8


Dungeon Overview and Level Annotations

Branches:
Dungeon (11/15)            Temple (1/1) D:4            Lair (6/6) D:8
 Shoals (0/4) Lair:2        Snake (3/4) Lair:4        Slime (0/5) Lair:6
    Orc (2/2) D:9             Elf (0/3) Orc:2         Sewer (visited)
Gauntlet (visited)

Altars:
Ashenzari
Cheibriados
Dithmenos
Elyvilon
Fedhas
Gozag
Hepliaklqana
Kikubaaqudgha
Makhleb
Nemelex Xobeh
Okawaru
Qazlal
Ru
Sif Muna
Trog
Uskayaw
Vehumet
Wu Jian
Xom
Yredelemnul
Zin
The Shining One
Beogh

Shops:
D:6 =   D:8 [   Orc:2 *?**   Snake:2 [


Innate Abilities, Weirdness & Mutations

You are too large for most types of armour.
You have tough skin. (AC +1)
You are agile. (Dex +2)
Your body sometimes deteriorates upon taking damage.
You are covered in fur. (AC +1)
Your muscles are strong. (Str +2)
You expend magic power (3 MP) to strengthen your wands.


Message History

Unknown command.
You cannot read scrolls in your current state!
Unknown command.
You feel sick.
A black mamba comes into view.
The naga sharpshooter unwields a +0 war axe.
The naga sharpshooter wields a +0 longbow.
The naga sharpshooter shoots an arrow.
The arrow closely misses you.
A naga mage comes into view. It is wielding a +0 flail.
The black mamba barely misses you.
The black mamba hisses angrily.
You cannot read scrolls in your current state!
Unknown command.
The black mamba attacks as you move away!
The black mamba completely misses you.
You feel sick.
You are no longer poisoned.
The naga sharpshooter shoots an arrow.
The arrow hits you but does no damage.
A naga warrior comes into view. It is wielding a +0 short sword.
Unknown command.
The naga sharpshooter mumbles some strange words.
The naga sharpshooter magically shoots an arrow.
The arrow hits you!
* * * LOW HITPOINT WARNING * * *
You block the black mamba's attack.
The black mamba bites you but does no damage.
You hear an angry hiss.
You hear a shout!
You feel better. The black mamba closely misses you.
The black mamba misses you.
The naga mage gestures wildly while chanting.
The naga mage seems to speed up.
The naga warrior roars a battlecry!
The nagas go into a battle-frenzy!
The naga sharpshooter spits poison at you.
The splash of poison hits you. You resist.
* * * LOW HITPOINT WARNING * * *
The black mamba barely misses you. You block the black mamba's attack.
The salamander closely misses you.
The naga sharpshooter hits you from afar with a +0 halberd!!
You die...
Xom titters!

... ...###....
..S#.#...####......N...#
...#..#..##.†...?.......
...........)†.##.#....N.
.............###..N#....
..#......#...###....#...
[.............N...$...#.
........#.....NS.......#
.............###@.......
........#....# #.S......
..#........... ###......
..........##.. ....#.
..N........##. #..#
.#N...#....# .##
#..##>#.#.... #
..##....#.### ##..<.?.#
#


You could see a naga warrior, 2 naga sharpshooters, a salamander, 2 black mambas
and a naga mage (fast, strong).

Vanquished Creatures
  2 nagarajas (Snake:2)
  A minotaur (Gauntlet)
  An ettin (Orc:2)
  A fire dragon (Lair:6)
  4 hydras
  4 anacondas
  A boulder beetle (Lair:5)
  A death knight (D:11)
  A catoblepas (D:10)
  2 tengu warriors (D:11)
  5 death yaks (Lair:6)
  6 naga sharpshooters
  3 naga warriors
  5 orc high priests
  7 shock serpents
  A salamander mystic (Snake:1)
  A glowing orange brain (shapeshifter) (D:4)
  7 orc knights
  5 lindwurms (Lair:6)
  An ugly thing (D:11)
  A harpy (Lair:2)
  A manticore (D:11)
  3 cyclopes (D:11)
  8 orc sorcerers
  7 mana vipers
  6 salamanders
  7 naga magi
  6 elephants
  2 guardian serpents (Snake:1)
  19 black mambas
  11 cane toads
  2 molten gargoyles (Lair:6)
  3 rime drakes
  A minotaur zombie (Gauntlet)
  Maggie (D:6)
  14 komodo dragons
  3 trolls
  2 hornets (D:9)
  A polar bear (Lair:2)
  2 wolf spider simulacra (Gauntlet)
  26 blink frogs
  A raiju (Gauntlet)
  3 dream sheep (Lair:6)
  A yak (shapeshifter) (Lair:2)
  4 shadows
  19 yaks
  2 wraiths
  4 vampire mosquitoes (D:10)
  9 wyverns
  2 chaos spawn (D:10)
  Edmund (D:7)
  7 basilisks
  4 steam dragons
  26 nagas
  8 wargs
  A hydra simulacrum (Gauntlet)
  4 hell hounds (Lair:6)
  17 water moccasins
  A swamp drake (Lair:5)
  2 black bears
  A floating eye (Snake:1)
  An ice beast (D:7)
  25 orc warriors
  8 ogres
  13 wolves
  8 centaurs
  5 kobold brigands
  5 gnoll sergeants
  16 bullfrogs
  2 necrophages
  A scorpion (D:7)
  4 wights (D:7)
  4 electric eels
  6 howler monkeys
  8 lava snakes
  A jelly (D:8)
  18 orc priests
  11 hounds
  4 iguanas
  3 gnoll shamans
  21 orc wizards
  7 adders
  53 gnolls
  3 river rats (D:4)
  3 shadow imps
  A white imp (D:8)
  2 ufetubi
  2 worms
  3 dart slugs
  42 orcs
  11 endoplasms
  21 giant cockroaches
  3 goblins
  9 hobgoblins
  15 jackals
  10 quokkas
  17 ball pythons
  2 bats (D:1)
  13 frilled lizards
  36 kobolds
  3 rats
  A butterfly (D:9)
  A plant (D:8)
724 creatures vanquished.

Vanquished Creatures (collateral kills)
  Agnes (Snake:3)
  An orc knight (Orc:1)
  A black mamba (Snake:1)
  A gargoyle (D:10)
  2 orc warriors
  An ogre (Orc:1)
  A bullfrog (Sewer)
  A wight (D:7)
  An orc priest (Orc:1)
  2 orc wizards (D:10)
  4 orcs
  An endoplasm (Sewer)
17 creatures vanquished.

Vanquished Creatures (others)
  A nagaraja (Snake:2)
  3 dream sheep (Lair:6)
  An orc wizard (D:5)
  A gnoll (D:6)
  2 orcs (Orc:1)
  29 fungi
  90 plants
127 creatures vanquished.

Grand Total: 868 creatures vanquished

Notes
Turn   | Place    | Note
-------+----------+-------------------------------------------
     0 | D:1      | holysushi the Ogre Chaos Knight began the quest for the
                  | Orb.
     0 | D:1      | Reached XP level 1. HP: 24/24 MP: 1/1
    25 | D:1      | XOM: divination: detect creatures
    99 | D:1      | Found a faded altar of an unknown god.
   252 | D:1      | Reached XP level 2. HP: 19/32 MP: 2/2
   252 | D:1      | XOM: silly message
  1077 | D:2      | Reached XP level 3. HP: 40/40 MP: 3/3
  1333 | D:2      | XOM: give mutations
  1333 | D:2      | Gained mutation: You passively dampen the noise of your
                  | surroundings. [Xom's grace]
  1333 | D:2      | Gained mutation: You have hidden genetic potential. [Xom's
                  | grace]
  1369 | D:2      | XOM: torment (21/40 hp)
  1910 | D:2      | Reached XP level 4. HP: 46/49 MP: 4/4
  1977 | D:2      | XOM: 7-stop teleportation journey
  1979 | D:2      | XOM: give mutation
  1979 | D:2      | Gained mutation: You are dopey. (Int -2) [Xom's mischief]
  2006 | D:2      | XOM: summons 3 hostile demons
  2023 | D:2      | Identified 3 scrolls of acquirement
  2023 | D:2      | Acquired 659 gold pieces
  2259 | D:2      | Acquired the ring "Zakuf" {AC+4 Str+4 Int+3 SInv}
  2264 | D:2      | Acquired 517 gold pieces
  2324 | D:2      | Gained mutation: Your muscles are strong. (Str +2) [hidden
                  | potential]
  2424 | D:2      | Reached skill level 5 in Fighting
  2505 | D:2      | XOM: silly message
  2531 | D:2      | You fall into a shaft and drop 1 floor!
  2577 | D:3      | Found a burning altar of Makhleb.
  2646 | D:3      | XOM: 1-stop teleportation journey
  3124 | D:3      | Found a broken altar of Ashenzari.
  3148 | D:3      | Found a faded altar of an unknown god.
  3148 | D:3      | Found an ornate altar of the Wu Jian Council.
  3156 | D:3      | Found a snail-covered altar of Cheibriados.
  3158 | D:3      | Found a sparkling altar of Nemelex Xobeh.
  3161 | D:3      | Found a sacrificial altar of Ru.
  3549 | D:4      | Reached XP level 5. HP: 57/57 MP: 5/5
  3615 | D:4      | XOM: noise
  3653 | D:4      | Gained mutation: You have supernaturally acute eyesight.
                  | (SInv) [hidden potential]
  3653 | D:4      | Lost mutation: You have hidden genetic potential. [hidden
                  | potential expressed]
  3705 | D:4      | Found a staircase to the Ecumenical Temple.
  3722 | D:4      | Reached skill level 5 in Maces & Flails
  3756 | D:4      | Noticed an ogre
  3760 | D:4      | Found a glowing drain.
  3772 | D:4      | Noticed a shapeshifter
  3772 | D:4      | a giant cockroach changed into a shapeshifter
  3772 | D:4      | Noticed a yaktaur
  3772 | D:4      | a shapeshifter changed into a yaktaur
  3775 | D:4      | Noticed a death drake
  3775 | D:4      | a yaktaur changed into a death drake
  3776 | D:4      | XOM: divination: detect items
  3787 | D:4      | Noticed a glowing orange brain
  3787 | D:4      | a death drake changed into a glowing orange brain
  3790 | D:4      | XOM: silly message
  3791 | D:4      | XOM: confuse monster(s)
  3793 | D:4      | XOM: summons friendly white imp
  3794 | D:4      | Reached XP level 6. HP: 50/67 MP: 6/6
  3798 | D:4      | Killed a glowing orange brain
  3799 | D:4      | Reached XP level 7. HP: 60/78 MP: 7/7
  3831 | Sewer    | XOM: noise
  3831 | Sewer    | Entered a sewer
  3952 | Sewer    | XOM: silly message
  4058 | Sewer    | XOM: noise
  4063 | Sewer    | XOM: enchant monster (bad)
  4123 | Sewer    | XOM: summons friendly shadow imp
  4124 | Sewer    | Reached XP level 8. HP: 84/88 MP: 8/8
  4125 | Sewer    | XOM: confusion
  4433 | Temple   | Entered the Ecumenical Temple
  4662 | D:5      | Entered Level 5 of the Dungeon
  4945 | D:5      | XOM: potion effect (heal wounds)
  5451 | D:5      | XOM: enchant monster (bad)
  5456 | D:5      | XOM: divination: detect items
  5646 | D:6      | XOM: god gift: 17 gold pieces
  5822 | D:5      | XOM: cleaving
  6101 | D:6      | XOM: 3-stop teleportation journey
  6116 | D:6      | Reached XP level 9. HP: 84/98 MP: 9/9
  6232 | D:6      | Noticed Maggie
  6236 | D:6      | Noticed Edmund
  6242 | D:6      | Killed Maggie
  6244 | D:6      | XOM: summons friendly shadow imp
  6265 | D:7      | Killed Edmund
  6337 | D:7      | XOM: scenery: summon butterflies
  6618 | D:6      | XOM: silly message
  6666 | D:6      | XOM: divination: detect items
  7028 | D:6      | XOM: divination: magic mapping
  7190 | D:6      | XOM: chaos upgrade
  7192 | D:6      | Reached skill level 10 in Fighting
  7236 | D:6      | XOM: chaos upgrade
  7254 | D:6      | XOM: silly message
  7268 | D:6      | XOM: divination: magic mapping
  7702 | D:6      | XOM: give mutations
  7702 | D:6      | Gained mutation: You sometimes lose the ability to read
                  | scrolls when taking damage. [Xom's mischief]
  7702 | D:6      | Gained mutation: You are frail. (-10% HP) [Xom's mischief]
  7702 | D:6      | Gained mutation: You are clumsy. (Dex -2) [Xom's mischief]
  7872 | D:6      | Lost mutation: You passively dampen the noise of your
                  | surroundings. [potion of mutation]
  7872 | D:6      | Lost mutation: You have supernaturally acute eyesight.
                  | (SInv) [potion of mutation]
  7872 | D:6      | Gained mutation: You possess an exceptional clarity of
                  | mind. [potion of mutation]
  7872 | D:6      | Gained mutation: Your movements are slightly less
                  | encumbered by armour. (ER -2) [potion of mutation]
  7873 | D:6      | Lost mutation: You sometimes lose the ability to read
                  | scrolls when taking damage. [potion of mutation]
  7873 | D:6      | Lost mutation: You possess an exceptional clarity of mind.
                  | [potion of mutation]
  7873 | D:6      | Lost mutation: Your muscles are strong. (Str +2) [potion of
                  | mutation]
  7873 | D:6      | Gained mutation: You have hidden genetic defects. [potion
                  | of mutation]
  7937 | D:6      | Reached skill level 10 in Maces & Flails
  8034 | D:6      | Found Koimobas's Jewellery Emporium.
  8048 | D:6      | Bought the brooch of Shielding {Spirit SH+8} for 891 gold
                  | pieces
  8048 | D:6      | Found the brooch of Shielding {Spirit SH+8}
  8127 | D:6      | XOM: give mutation
  8127 | D:6      | Gained mutation: You occasionally shout uncontrollably at
                  | your foes. [Xom's mischief]
  8275 | D:6      | Learned a level 2 spell: Blink
  8281 | D:6      | Learned a level 5 spell: Manifold Assault
  8381 | D:6      | XOM: give mutation
  8381 | D:6      | Gained mutation: You are weak. (Str -2) [Xom's mischief]
  8571 | D:6      | Found a glowing golden altar of the Shining One.
  8748 | D:6      | XOM: summons 4 hostile shadow creatures
  8759 | D:6      | XOM: give mutations
  8759 | D:6      | Gained mutation: You sometimes lose the ability to read
                  | scrolls when taking damage. [Xom's mischief]
  8759 | D:6      | Lost mutation: You have hidden genetic defects. [Xom's
                  | mischief]
  8759 | D:6      | Lost mutation: You are dopey. (Int -2) [Xom's mischief]
  8838 | D:7      | XOM: noise
  8992 | D:6      | XOM: confusion
  8996 | D:6      | XOM: polymorph gnoll sergeant -> water moccasin
  9325 | D:6      | XOM: give mutations
  9325 | D:6      | Lost mutation: You are weak. (Str -2) [Xom's grace]
  9325 | D:6      | Gained mutation: You possess an exceptional clarity of
                  | mind. [Xom's grace]
  9468 | D:7      | XOM: summons friendly iron imp
  9479 | D:7      | Reached skill level 1 in Shields
  9482 | D:7      | Reached XP level 10. HP: 58/98 MP: 8/10
  9869 | D:7      | XOM: cleaving
  9926 | D:7      | XOM: god gift: potion of curing
 10218 | D:7      | XOM: cleaving
 10375 | D:7      | XOM: god gift: glowing pink potion {god gift}
 10545 | D:7      | Lost mutation: You are clumsy. (Dex -2) [potion of
                  | mutation]
 10545 | D:7      | Lost mutation: Your movements are slightly less encumbered
                  | by armour. (ER -2) [potion of mutation]
 10545 | D:7      | Lost mutation: You occasionally shout uncontrollably at
                  | your foes. [potion of mutation]
 10545 | D:7      | Gained mutation: You are dopey. (Int -2) [potion of
                  | mutation]
 10682 | D:8      | Identified the ring of Pery {Fly rElec}
 10705 | D:8      | XOM: god gift: scroll of enchant weapon
 10713 | D:8      | XOM: enchant monster (good)
 10724 | D:8      | Reached skill level 1 in Evocations
 10737 | D:8      | Found a shadowy altar of Dithmenos.
 10811 | D:8      | Reached skill level 1 in Stealth
 10869 | D:8      | XOM: cleaving
 10874 | D:8      | XOM: silly message
 11119 | D:8      | Found Nutzuozuta's Antique Armour Boutique.
 11304 | D:8      | XOM: confuse monster(s)
 11404 | D:8      | Found a staircase to the Lair.
 11555 | D:8      | Lost mutation: You possess an exceptional clarity of mind.
                  | [potion of mutation]
 11555 | D:8      | Lost mutation: You sometimes lose the ability to read
                  | scrolls when taking damage. [potion of mutation]
 11555 | D:8      | Lost mutation: You are frail. (-10% HP) [potion of
                  | mutation]
 11555 | D:8      | Gained mutation: Your spells are a little harder to cast,
                  | but a little more powerful. [potion of mutation]
 11555 | D:8      | Lost mutation: Your spells are a little harder to cast, but
                  | a little more powerful. [potion of mutation]
 11647 | D:8      | XOM: smoke on damage
 11995 | D:9      | Reached skill level 5 in Dodging
 12045 | D:9      | XOM is BORED!
 12045 | D:9      | XOM: enchant monster (bad)
 12052 | D:9      | XOM: divination: magic mapping
 12055 | D:9      | XOM: summons 3 friendly demons
 12094 | D:9      | XOM: god gift: 32 gold pieces
 12269 | D:9      | XOM: cloud trail
 12339 | D:9      | XOM: enchant monster (bad)
 12348 | D:9      | Reached XP level 11. HP: 123/123 MP: 11/11
 12349 | D:9      | XOM: potion effect (curing)
 12425 | D:9      | Found a staircase to the Orcish Mines.
 12522 | D:9      | Found a shimmering altar of Xom.
 12578 | D:9      | XOM: 1-stop teleportation journey
 12606 | D:9      | XOM: polymorph butterfly -> hobgoblin
 12749 | D:9      | XOM: give mutations
 12749 | D:9      | Gained mutation: You are robust. (+10% HP) [Xom's grace]
 12749 | D:9      | Gained mutation: Your muscles are strong. (Str +2) [Xom's
                  | grace]
 12871 | D:9      | XOM: cast spell 'Leda's Liquefaction'
 13211 | D:9      | XOM: silly message
 13232 | D:9      | XOM: silly message
 13233 | D:10     | Entered Level 10 of the Dungeon
 13265 | D:10     | Noticed a catoblepas
 13277 | D:10     | XOM: confuse monster(s)
 13588 | D:10     | Found the +7 mace of Variability {chain chaos}
 13593 | D:10     | XOM: divination: detect creatures
 13596 | D:10     | Found a shimmering altar of Xom.
 13609 | D:10     | XOM: divination: magic mapping
 13784 | D:10     | Killed a catoblepas
 14077 | Lair:1   | Entered Level 1 of the Lair of Beasts
 14081 | Lair:1   | XOM: 1-stop teleportation journey
 14113 | Lair:1   | XOM: confuse monster(s)
 14280 | Lair:1   | XOM: summons friendly white imp
 14285 | Lair:1   | XOM: cleaving
 14505 | Lair:1   | XOM: give mutation
 14505 | Lair:1   | Gained mutation: You are partially covered in large bone
                  | plates. (SH +4) [Xom's grace]
 14697 | Lair:1   | XOM: scenery: 2 doors open
 14781 | Lair:2   | Noticed a four-headed hydra
 14786 | Lair:2   | Killed a four-headed hydra
 15000 | Lair:2   | XOM: silly message
 15007 | Lair:2   | Reached XP level 12. HP: 139/149 MP: 10/12
 15070 | Lair:2   | Found a staircase to the Shoals.
 15367 | Lair:2   | XOM: silly message
 15377 | Lair:2   | XOM: divination: detect items
 15501 | Lair:2   | XOM: silly message
 15565 | Lair:2   | XOM: noise
 15709 | Lair:2   | XOM: confuse monster(s)
 16476 | Lair:3   | XOM: summons 7 hostile demons
 16974 | Lair:3   | XOM: noise
 17231 | Lair:3   | XOM: give mutation
 17231 | Lair:3   | Lost mutation: You are dopey. (Int -2) [Xom's mischief]
 17544 | Lair:4   | XOM: repel stairs
 17603 | Lair:4   | XOM: swap monsters
 17737 | Lair:4   | Found a gate leading to a gauntlet.
 17771 | Gauntlet | Entered a Gauntlet
 17771 | Gauntlet | Found a transporter.
 17771 | Gauntlet | Found a transporter.
 17816 | Gauntlet | Found a transporter.
 17831 | Gauntlet | Found a transporter.
 17838 | Gauntlet | Noticed a soul eater
 17845 | Gauntlet | Found a transporter.
 17858 | Gauntlet | Found a transporter.
 17875 | Gauntlet | Found a transporter.
 17941 | Gauntlet | Found a transporter.
 17956 | Gauntlet | Found a transporter.
 17978 | Gauntlet | Found a transporter.
 17985 | Gauntlet | Found a transporter.
 18001 | Gauntlet | Found a transporter.
 18068 | Gauntlet | Found a transporter.
 18080 | Gauntlet | Found a transporter.
 18112 | Gauntlet | Found a transporter.
 18122 | Gauntlet | Found a transporter.
 18147 | Gauntlet | XOM: swap monsters
 18328 | Gauntlet | XOM: confuse monster(s)
 18330 | Gauntlet | Identified the amulet of Pessimism {Regen+ Int+6}
 18367 | Gauntlet | Identified the amulet of Departure {Spirit rPois}
 18367 | Gauntlet | Noticed a minotaur
 18374 | Gauntlet | Killed a minotaur
 18375 | Gauntlet | Reached XP level 13. HP: 152/162 MP: 11/13
 18505 | Lair:4   | XOM: chaos cloud
 18508 | Lair:4   | XOM: potion effect (experience)
 18508 | Lair:4   | Reached skill level 10 in Dodging
 18508 | Lair:4   | Reached XP level 14. HP: 172/172 MP: 14/14
 18593 | Lair:4   | Found a staircase to the Snake Pit.
 18866 | Lair:4   | XOM: 9-stop teleportation journey
 18877 | Lair:4   | XOM: silly message
 18890 | Lair:4   | XOM: noise
 19088 | Lair:5   | XOM: 1-stop teleportation journey
 19173 | Lair:5   | XOM: repel stairs
 19177 | Lair:5   | Reached skill level 15 in Fighting
 19302 | Lair:5   | You fall into a shaft and drop 1 floor!
 19302 | Lair:6   | Entered Level 6 of the Lair of Beasts
 19357 | Lair:6   | Reached skill level 15 in Maces & Flails
 19357 | Lair:6   | XOM: summons 2 hostile demons
 19364 | Lair:6   | XOM: summons 2 friendly demons
 19374 | Lair:6   | XOM: potion effect (berserk rage)
 19375 | Lair:6   | XOM: silly message
 19422 | Lair:6   | XOM: silly message
 19502 | Lair:6   | XOM: divination: detect creatures
 19646 | Lair:6   | Found a staircase to the Slime Pits.
 19669 | Lair:6   | Found a large runed translucent door.
 19669 | Lair:6   | Found a large runed translucent door.
 19669 | Lair:6   | XOM: 1-stop teleportation journey
 19674 | Lair:6   | XOM: chaos upgrade
 19689 | Lair:6   | XOM: cast spell 'Statue Form'
 19693 | Lair:6   | XOM: summons friendly white imp
 19695 | Lair:6   | Acquired 832 gold pieces
 19723 | Lair:6   | XOM: cleaving
 19727 | Lair:6   | HP: 3/174 [boulder beetle (32)]
 19735 | Lair:6   | XOM: summons friendly iron imp
 19780 | Lair:5   | XOM: polymorph bullfrog -> swamp drake
 20208 | Lair:5   | XOM: 1-stop teleportation journey
 20309 | Lair:5   | XOM: cloud trail
 20335 | Lair:5   | XOM: give mutations
 20335 | Lair:5   | Gained mutation: You have large cloven feet. [Xom's grace]
 20335 | Lair:5   | Gained mutation: You have a pair of small horns on your
                  | head. [Xom's grace]
 20335 | Lair:5   | Gained mutation: You expend magic power (3 MP) to
                  | strengthen your wands. [Xom's grace]
 20354 | Lair:5   | XOM: scenery: 1 doors open
 20588 | Lair:5   | XOM: torment (96/177 hp)
 20914 | Lair:5   | XOM: divine lightning
 21019 | Lair:6   | XOM: cast spell 'Chain of Chaos'
 21057 | Lair:6   | XOM: confuse monster(s)
 21075 | Lair:6   | XOM: 4-stop teleportation journey
 21082 | Lair:6   | XOM: summons friendly white imp
 21168 | Lair:6   | XOM: divine lightning
 21358 | Lair:6   | XOM: god gift: chain mail {god gift}
 21380 | Lair:6   | XOM: cloud trail
 21486 | Lair:6   | XOM: god gift: scroll of poison
 21629 | Lair:6   | Identified the +3 flail "Ixzitusm" {antimagic, *Corrode rN+
                  | Dex+7}
 22005 | Lair:5   | XOM: scenery: 1 doors close
 22265 | Lair:6   | XOM: 2-stop teleportation journey
 22296 | Lair:6   | XOM: summons 2 friendly demons
 22560 | Lair:6   | XOM: divination: detect creatures
 22826 | Lair:6   | Reached XP level 15. HP: 188/188 MP: 15/15
 23242 | Lair:6   | XOM: god gift: scarf of resistance
 23381 | D:8      | XOM: scenery: create altars
 23818 | D:11     | XOM: divination: magic mapping
 23948 | D:11     | XOM: divination: detect items
 24054 | D:11     | XOM: cleaving
 24073 | D:11     | XOM: cleaving
 25126 | D:11     | XOM: 8-stop teleportation journey
 25280 | Orc:1    | Entered Level 1 of the Orcish Mines
 25344 | Orc:2    | Entered Level 2 of the Orcish Mines
 25374 | Orc:2    | XOM: swap monsters
 25381 | Orc:2    | XOM: cast spell 'Olgreb's Toxic Radiance'
 25384 | Orc:2    | XOM: potion effect (invisibility)
 25395 | Orc:2    | XOM: blink monster(s)
 25421 | Orc:1    | XOM: silly message
 25556 | Orc:1    | XOM: divination: magic mapping
 25671 | Orc:2    | Found a staircase to the Elven Halls.
 25674 | Orc:2    | XOM: give mutations
 25674 | Orc:2    | Gained mutation: You sometimes lose the ability to read
                  | scrolls when taking damage. [Xom's mischief]
 25674 | Orc:2    | Lost mutation: Your muscles are strong. (Str +2) [Xom's
                  | mischief]
 25674 | Orc:2    | Lost mutation: You expend magic power (3 MP) to strengthen
                  | your wands. [Xom's mischief]
 25679 | Orc:2    | XOM: 1-stop teleportation journey
 25755 | Orc:2    | XOM: 1-stop teleportation journey
 25778 | Orc:2    | XOM: 1-stop teleportation journey
 25872 | Orc:2    | Found Couma's Assorted Antiques.
 25875 | Orc:2    | XOM: enchant monster (good)
 25885 | Orc:2    | XOM: summons friendly iron imp
 25904 | Orc:2    | XOM: chaos upgrade
 25916 | Orc:2    | XOM: 1-stop teleportation journey
 25927 | Orc:2    | Found Asidaywyf's Assorted Antiques.
 25954 | Orc:2    | Bought a faintly glowing robe for 131 gold pieces
 25954 | Orc:2    | Identified the +0 robe of Misanthropy {rF- Regen+ Str+3}
                  | (You bought it in a shop on level 2 of the Orcish Mines)
 25954 | Orc:2    | Bought a wand of digging (3) for 184 gold pieces
 26223 | Orc:1    | XOM: cast spell 'Dispersal'
 26720 | Orc:1    | XOM: destruction
 26760 | Orc:1    | XOM: chaos cloud
 26784 | Orc:2    | XOM: blink monster(s)
 27286 | Orc:1    | XOM: noise
 27974 | Orc:2    | XOM: cast spell 'Leda's Liquefaction'
 27986 | Orc:1    | XOM: scenery: create altars
 28027 | Orc:2    | Paralysed by an orc sorcerer for 3 turns
 28134 | Orc:2    | Found Zaonguru's General Store.
 28138 | Orc:2    | Bought a fine tin ring for 135 gold pieces
 28138 | Orc:2    | Identified the ring of the Jackalope {MP+9 Str+3} (You
                  | bought it in a shop on level 2 of the Orcish Mines)
 28141 | Orc:2    | Found Ecsa's Book Boutique.
 28143 | Orc:2    | Found Malighigh's Magic Scroll Emporium.
 28151 | Orc:2    | Bought a scroll of blinking for 120 gold pieces
 28151 | Orc:2    | Bought a scroll of teleportation for 48 gold pieces
 28158 | Orc:2    | XOM: scenery: create altars
 28271 | Lair:2   | XOM: 7-stop teleportation journey
 28321 | Snake:1  | Entered Level 1 of the Snake Pit
 28418 | Snake:1  | XOM: snakes to sticks
 28427 | Snake:1  | XOM: cast spell 'Summon Ice Beast'
 28548 | Snake:1  | XOM: fog
 28555 | Snake:1  | XOM: swap monsters
 28832 | Lair:4   | XOM: scenery: summon butterflies
 29100 | Lair:4   | XOM: 2-stop teleportation journey
 29413 | Snake:1  | Reached XP level 16. HP: 168/202 MP: 14/16
 29656 | Snake:1  | XOM: divination: magic mapping
 29671 | Snake:1  | XOM: divine lightning
 29707 | Snake:1  | XOM: 2-stop teleportation journey
 29985 | Snake:1  | XOM: summons friendly crimson imp
 29991 | Snake:1  | XOM: god gift: 3 large rocks
 30263 | Snake:1  | XOM: give mutations
 30263 | Snake:1  | Gained mutation: Your spells are a little harder to cast,
                  | but a little more powerful. [Xom's grace]
 30263 | Snake:1  | Gained mutation: Your muscles are strong. (Str +2) [Xom's
                  | grace]
 30263 | Snake:1  | Gained mutation: You have a pair of horns on your head.
                  | [Xom's grace]
 30327 | Snake:2  | Found Loprer's Armour Boutique.
 30444 | Snake:2  | XOM: confuse monster(s)
 30449 | Snake:2  | Noticed a nagaraja
 30459 | Snake:2  | XOM: summons 6 friendly demons
 30462 | Snake:2  | XOM: summons 7 friendly demons
 30474 | Snake:2  | Killed a nagaraja
 30475 | Snake:2  | Reached skill level 5 in Stealth
 30562 | Snake:2  | XOM: summons 4 hostile demons
 31043 | Snake:2  | Noticed a nagaraja
 31106 | Snake:2  | XOM: summons 4 hostile demons
 31234 | Snake:2  | XOM: scenery: create altars
 31278 | Snake:2  | Noticed a nagaraja
 31284 | Snake:2  | Killed a nagaraja
 31303 | Snake:2  | XOM: noise
 31305 | Snake:2  | Killed a nagaraja
 31462 | Snake:2  | XOM: enchant monster (bad)
 31583 | Snake:2  | XOM: summons 9 hostile demons
 31652 | Snake:2  | XOM: stat loss: -1 Int (15/16)
 31856 | Snake:2  | XOM: give mutations
 31856 | Snake:2  | Gained mutation: Your body sometimes deteriorates upon
                  | taking damage. [Xom's mischief]
 31856 | Snake:2  | Lost mutation: You have large cloven feet. [Xom's mischief]
 31947 | Snake:2  | XOM: give mutations
 31947 | Snake:2  | Gained mutation: Armour fits poorly on your strangely
                  | shaped body. [Xom's mischief]
 31947 | Snake:2  | Lost mutation: You have a pair of horns on your head.
                  | [Xom's mischief]
 31947 | Snake:2  | Lost mutation: Your spells are a little harder to cast, but
                  | a little more powerful. [Xom's mischief]
 31947 | Snake:2  | Lost mutation: You are partially covered in large bone
                  | plates. (SH +4) [Xom's mischief]
 32071 | Snake:2  | XOM: draining
 32085 | Snake:2  | XOM: confusion
 32096 | Snake:2  | XOM: silly message
 32326 | Snake:3  | Noticed Agnes
 32329 | Snake:3  | XOM: swap monsters
 32344 | Snake:3  | Lost mutation: You sometimes lose the ability to read
                  | scrolls when taking damage. [potion of mutation]
 32344 | Snake:3  | Lost mutation: Armour fits poorly on your strangely shaped
                  | body. [potion of mutation]
 32344 | Snake:3  | Lost mutation: You have a pair of small horns on your head.
                  | [potion of mutation]
 32344 | Snake:3  | Gained mutation: You are partially covered in iridescent
                  | scales. (AC +2) [potion of mutation]
 32345 | Snake:3  | Lost mutation: You are partially covered in iridescent
                  | scales. (AC +2) [potion of mutation]
 32345 | Snake:3  | Lost mutation: You are robust. (+10% HP) [potion of
                  | mutation]
 32345 | Snake:3  | Gained mutation: You expend magic power (3 MP) to
                  | strengthen your wands. [potion of mutation]
 32345 | Snake:3  | Gained mutation: You are agile. (Dex +2) [potion of
                  | mutation]
 32345 | Snake:3  | Gained mutation: You are covered in fur. (AC +1) [potion of
                  | mutation]
 32348 | Snake:3  | Killed Agnes
 32355 | Snake:3  | HP: 3/170 [naga sharpshooter/arrow (11)]
 32356 | Snake:3  | Mangled by a naga sharpshooter

Illustrated notes

Levels and vault maps discovered:
D:1:      dpeg_arrival_lava_altar, layout_loops_cross,
          shapermc_ecumenical_altar_notcrosses
D:2:      layout_loops_ring, serial_bayou_pond_d, kennysheep_cross_room,
          minmay_split_cup_large
D:3:      kennysheep_six_static_rooms, layout_basic,
          cheibrodos_ashenzari_chains, lemuel_doored_altar,
          chequers_temple_overflow_minitemple, serial_bayou,
          serial_bayou_lagoon_a, serial_bayou_lagoon_b, serial_bayou_pond_c,
          serial_bayou_crossing, serial_bayou_lake_a
D:4:      layout_rooms, minmay_temple_entry_statues_pillars,
          portal_sewer_entry_b
D:5:      nicolae_BIG_FREAKIN_CUBE, layout_basic
D:6:      layout_cave_pools, mainiacjoe_overflow_24_doors, serial_gnoll_camp,
          gnoll_camp_mini_house, gnoll_camp_mini_house,
          gnoll_camp_mini_doghouse, gnoll_camp_mini_basic, gnoll_camp_huts_moat,
          gnoll_camp_mini_shop, uniq_edmund, uniq_maggie
D:7:      layout_gridville, minmay_door_square
D:8:      layout_cave_pods, nicolae_dithmenos_through_a_glass_darkly,
          david_lair_shrubbed, serial_shops, nicolae_shop_window_shopping
D:9:      layout_loops_ring, xom_butterflies, minmay_orc_entry_guard_dogs
D:10:     layout_rooms, minmay_guarded_unrand_variability
D:11:     layout_grid_maze, grunt_ministairs_6
Temple:   nicolae_temple_figure_eight
Lair:1:   layout_regular_city
Lair:2:   layout_chaotic_city, minmay_shoals_entry_centaurs, st_stairs_12,
          chequers_serial_rivers_small_b, nicolae_lair_liquid_snakes,
          grunt_megastairs_3
Lair:3:   layout_concentric_octagons, columned_hall_lemuel, grunt_megastairs_5,
          lemuel_fruit_tree, serial_bayou_shore_b
Lair:4:   layout_big_grid, minmay_snake_entry_guardpost_medium,
          gauntlet_entry_generic, minivault_26
Lair:5:   layout_roguey, nicolae_quartered_pool_impasse, serial_bayou_pond_e,
          wad_woods_road_03, grunt_forest_small_clearing_treed, uniq_urug
Lair:6:   cheibrodos_lair_end_hotspot, layout_cave_pods,
          dpeg_slime_entry_corner, minmay_lindwurm_lava
Snake:1:  layout_misc_corridors, drop_trap, nicolae_snake_slithery_hallway,
          grunt_megastairs_2
Snake:2:  layout_grid_shapes, library_closet, minmay_shop_star,
          grunt_megastairs_4
Snake:3:  layout_misc_corridors, uniq_agnes
Orc:1:    layout_diamond_mine, bh_open_orc_temple
Orc:2:    st_orc_elflike, layout_caves, serial_shops, shop

Skill      XL: |  1  2  3  4  5  6  7  8  9 10 11 12 13 14 15 16 |
---------------+-------------------------------------------------+-----
Maces & Flails | 3 4 5 6 7 8 10 11 13 14 16 17 18 | 18.2
Fighting       | 5 7 9 10 11 13 14 16 17 18 | 18.4
Dodging        | 4 5 7 8 10 12 13 | 13.4
Shields        | 1 |  1.6
Evocations     | 2 |  2.0
Stealth        | 2 4 5 |  5.0

Action                   |  1- 3 |  4- 6 |  7- 9 | 10-12 | 13-15 | 16-18 || total
-------------------------+-------+-------+-------+-------+-------+-------++-------
Melee: Mace              |   137 |   137 |   176 |       |       |       ||   450
       Punch             |       |     1 |     7 |       |       |       ||     8
       Flail             |       |       |   327 |   372 |       |       ||   699
       Great mace        |       |       |       |   272 |   685 |   188 ||  1145
       Kick              |       |       |       |       |   179 |    46 ||   225
       Headbutt          |       |       |       |       |   138 |    35 ||   173
Evoke: Piece from Xom's  |     2 |       |       |       |       |       ||     2
       Wand              |       |       |     3 |     3 |     3 |       ||     9
       Phantom mirror    |       |       |       |       |       |     1 ||     1
  Use: Scroll            |       |    10 |    12 |       |    12 |     1 ||    35
       Potion            |       |       |     9 |     3 |     5 |     4 ||    21
 Stab: Paralysed         |     1 |       |     6 |     2 |     3 |     1 ||    13
       Confused          |       |     1 |       |     2 |     1 |     3 ||     7
       Sleeping          |       |       |       |     1 |     1 |     3 ||     5
       Invisible         |       |       |       |       |     3 |       ||     3
Armor: Robe              |    48 |    67 |   110 |       |       |       ||   225
       Swamp dragon scal |       |       |   158 |   222 |   155 |    48 ||   583
       Skin              |       |       |       |       |     3 |       ||     3
Dodge: Dodged            |   100 |   100 |   348 |   209 |   335 |   156 ||  1248
Block: Kite shield       |       |       |    83 |   314 |       |       ||   397
       Other             |       |       |       |   174 |   368 |   131 ||   673

Table legend: (Time is in decaauts)
 A = Elapsed time spent in this place.
 B = Non-inter-level travel time spent in this place.
 C = Inter-level travel time spent in this place.
 D = Time resting spent in this place.
 E = Time spent auto-exploring this place.
 F = Levels seen in this place.
 G = Mean time per level.
                   A        B        C        D        E       F      G
               +--------+--------+--------+--------+--------+-----+--------+
         Total |  32483 |  31314 |   1169 |   9515 |  13487 |  25 | 1299.3 |
       Dungeon |  15601 |  14996 |    605 |   4061 |   6846 |  11 | 1418.3 |
        Temple |    219 |    207 |     12 |      0 |    207 |   1 |  219.0 |
          Lair |   9353 |   8917 |    436 |   2906 |   4037 |   6 | 1558.8 |
     Snake Pit |   3270 |   3215 |     55 |   1116 |   1256 |   3 | 1090.0 |
  Orcish Mines |   2901 |   2842 |     59 |   1248 |    801 |   2 | 1450.5 |
         Sewer |    415 |    415 |      0 |      0 |      0 |   1 |  415.0 |
      Gauntlet |    721 |    721 |      0 |    183 |    340 |   1 |  721.0 |
               +--------+--------+--------+--------+--------+-----+--------+

Top non-repeatable levels by time:
     D:6: 2929 daAuts
  Lair:6: 2327 daAuts
 Snake:2: 1988 daAuts
  Lair:4: 1835 daAuts
     D:7: 1784 daAuts
     D:9: 1692 daAuts
    D:11: 1634 daAuts
  Lair:5: 1627 daAuts
   Orc:2: 1539 daAuts
     D:2: 1503 daAuts
  Lair:2: 1444 daAuts
   Orc:1: 1361 daAuts
     D:8: 1332 daAuts
 Snake:1: 1252 daAuts
  Lair:3: 1202 daAuts
